 Dungeon Crawl Stone Soup version 0.28-a0-407-g69098e2f6d (webtiles) character file.

Game seed: 7139853178039263142

150 Sabo the Ducker (level 5, -3/39 HPs)
             Began as a Djinni Gladiator on Sept 5, 2021.
             Was an Initiate of Ashenzari.
             Splashed by a jelly's acid (10 damage)
             ... on level 2 of the Dungeon.
             The game lasted 00:15:47 (2444 turns).

Sabo the Ducker (Djinni Gladiator)                  Turns: 2444, Time: 00:15:49

Health: -3/39      AC:  0    Str: 14    XL:     5   Next: 58%
Gold:   118        EV: 12    Int:  9    God:    Ashenzari [......] SH:  0 Dex: 15

rFire   + + .      SeeInvis .   a - +0 long sword
rCold   x . .      Faith    .   (no shield)
rNeg    . . .      Spirit   .   i - +0 ring mail
rPois   ∞          Reflect  .   c - +0 helmet
rElec   .          Harm     .   j - +0 cloak
rCorr   .          Rampage  .   k - +0 pair of gloves
Will    .....                   (boots unavailable)
Stlth   +.........              e - amulet "Chained Restlessness" {Regen+, Melee, Evo} (curse)
HPRegen 1.13/turn               (no ring)
MPRegen 0.00/turn               (no ring)

@: corroded, flying
A: sickness immunity, fire resistance 2, cold vulnerability 1, float, innate
caster, hp casting, extra vitality 1
a: Renounce Religion, Shatter the Chains


You were on level 2 of the Dungeon.
You worshipped Ashenzari.
Ashenzari was noncommittal.
You visited 1 branch of the dungeon, and saw 2 of its levels.

You collected 118 gold pieces.

Inventory:

Hand Weapons
 a - a +0 long sword (weapon)
 q - a +0 short sword of draining
Missiles
 d - 3 throwing nets (quivered)
 f - 43 arrows
 h - 24 sling bullets
 p - 18 poisoned darts
Armour
 c - a +0 helmet (worn)
 i - a +0 ring mail (worn)
 j - a +0 cloak (worn)
 k - a +0 pair of gloves (worn)
Jewellery
 e - the cursed amulet "Chained Restlessness" (around neck) {Regen+, Melee, Evo}
   (You found it on level 1 of the Dungeon)

   [amulet of regeneration]

   Regen:     It increases your rate of health regeneration.
   It has a curse which improves the following skills: Melee Combat: Short
   Blades, Long Blades, Axes, Maces & Flails, Polearms, Staves and Unarmed
   Combat.
   Evocations: Evocations.
Scrolls
 g - 2 scrolls of enchant weapon
 l - a scroll of teleportation
 m - a scroll of fog
 n - a scroll of enchant armour
Potions
 b - a potion of mutation
 o - a potion of curing


   Skills:
 + Level 2.6 Fighting
 + Level 4.0(4.5) Long Blades
 + Level 1.6 Throwing
 + Level 1.8 Armour
 + Level 4.1 Dodging


You had one spell level left.
You knew the following spells:

 Your Spells              Type           Power      Damage    Failure   Level
a - Beastly Appendage     Tmut           0%         N/A       63%         1
b - Ensorcelled Hibernat  Hex/Ice        0%         N/A       77%         2
Your spell library was empty.

Dungeon Overview and Level Annotations

Branches:
Dungeon (2/15)

Altars:
Ashenzari


Innate Abilities, Weirdness & Mutations

You are immune to sickness and miasma.
You are immune to poison.
Your flesh is very heat resistant. (rF++)
You are vulnerable to cold. (rC-)
You float through the air rather than walking.
You learn spells naturally, not from books.
Your magical power is your life essence.
You have superior vitality. (+4 HP)


Message History

You hit the jelly. The acid corrodes you!
Your hands burn!
The jelly is moderately wounded.
The jelly closely misses you.
You slash the jelly!
Your hands burn!
The jelly is severely wounded.
The jelly hits you. The acid corrodes you!
You are splashed with acid!
You barely miss the jelly.
The jelly is severely wounded.
The jelly hits you.
You are splashed with acid!
You barely miss the jelly.
The jelly is severely wounded.
The jelly barely misses you.
You barely miss the jelly.
You headbutt the jelly, but do no damage.
The jelly is severely wounded.
The jelly closely misses you.
You hit the jelly. The acid corrodes you!
Your hands burn!
Your headbutt misses the jelly.
The jelly is severely wounded.
Your horns disappear.
Your +0 helmet unmelds from your body.
The jelly misses you. The jelly hits you.
You are splashed with acid!
You slash the jelly!
You kill the jelly!
The jelly misses you.
You hit the jelly.
Your hands burn!
* * * LOW HITPOINT WARNING * * *
The jelly is lightly wounded.
The jelly hits you.
* * * LOW HITPOINT WARNING * * *
You are splashed with acid!
* * * LOW HITPOINT WARNING * * *
You feel better. The jelly barely misses you.
You hit the jelly but do no damage.
Your hands burn!
* * * LOW HITPOINT WARNING * * *
The jelly is lightly wounded.
The jelly hits you.
* * * LOW HITPOINT WARNING * * *
You are splashed with acid!
You die...

##.....###.#.######.#
#.......##.#.........
#.......###########.#
#.......# ########.#
#.......# #......#.#
#....#### #.####.#.#
#....'..## #.####.#.#
###.# ########.#
#........# ....#
##JJ@)..## #..#......
..... #'#######
##..#.#.#.. #..# #
#.....J.J÷
#.....#.... # ..# .#
#...J...P.
##..###.... ....##.#
#...÷.J.J. #.........
###.... #.÷.J.....
##.#####.# .......#
#..J...÷P.
###.......# .##.##.#
#...P.P..!
#..######.# .#...#.##
########## ##.# ##'#


You could see a jelly and an endoplasm.

Vanquished Creatures
  A jelly (D:2)
  Natasha (D:2)
  2 adders (D:2)
  6 bats
  8 endoplasms
  2 goblins
  5 hobgoblins
  15 jackals
  A quokka (D:2)
  7 ball pythons
  A frilled lizard (D:2)
  15 kobolds
  5 rats
69 creatures vanquished.

Vanquished Creatures (others)
  10 toadstools (D:2)
10 creatures vanquished.

Grand Total: 79 creatures vanquished

Notes
Turn   | Place    | Note
-------+----------+-------------------------------------------
     0 | D:1      | Sabo the Djinni Gladiator began the quest for the Orb.
     0 | D:1      | Reached XP level 1. HP: 18/18 MP: 0/0
   478 | D:1      | Reached XP level 2. HP: 23/23 MP: 0/0
   689 | D:1      | Reached XP level 3. HP: 28/28 MP: 0/0
   689 | D:1      | Learned a level 1 spell: Beastly Appendage
  1751 | D:2      | Reached XP level 4. HP: 33/33 MP: 0/0
  1971 | D:2      | Found a faded altar of an unknown god.
  1996 | D:2      | Became a worshipper of Ashenzari the Shackled
  2320 | D:2      | Noticed Natasha
  2329 | D:2      | Killed Natasha
  2330 | D:2      | Reached skill level 1 in Armour
  2343 | D:2      | Reached XP level 5. HP: 39/39 MP: 0/0
  2343 | D:2      | Learned a level 2 spell: Ensorcelled Hibernation
  2444 | D:2      | Splashed by a jelly's acid

Illustrated notes

Levels and vault maps discovered:
D:1:      grunt_arrival_lava_bath, layout_basic, minmay_tall_x
D:2:      cheibrodos_fertilizer, layout_loops_corners,
          ebering_ecumenical_altar_box, uniq_natasha

Skill      XL: |  1  2  3  4 |
---------------+-------------+-----
Long Blades    | 3 4 |  4.0
Dodging        | 4 |  4.1
Armour         | 1 |  1.8
Fighting       | |  2.6
Throwing       | |  1.6

Action                   |  1- 3 |  4- 6 || total
-------------------------+-------+-------++-------
Melee: Long sword        |   121 |   103 ||   224
       Headbutt          |       |     1 ||     1
 Cast: Beastly Appendage |       |     2 ||     2
Invok: Curse Item        |       |     1 ||     1
  Use: Potion            |     4 |     1 ||     5
Armor: Ring mail         |    65 |    41 ||   106
       Leather armour    |     1 |       ||     1
Dodge: Dodged            |   105 |    86 ||   191

Table legend: (Time is in decaauts)
 A = Elapsed time spent in this place.
 B = Non-inter-level travel time spent in this place.
 C = Inter-level travel time spent in this place.
 D = Time resting spent in this place.
 E = Time spent auto-exploring this place.
 F = Levels seen in this place.
 G = Mean time per level.
                   A        B        C        D        E       F      G
               +--------+--------+--------+--------+--------+-----+--------+
         Total |   2493 |   2493 |      0 |    328 |      0 |   2 | 1246.5 |
       Dungeon |   2493 |   2493 |      0 |    328 |      0 |   2 | 1246.5 |
               +--------+--------+--------+--------+--------+-----+--------+

Top non-repeatable levels by time:
     D:1: 1386 daAuts
     D:2: 1107 daAuts
